 Dungeon Crawl Stone Soup version 0.22.0 (webtiles) character file.

30 Gorglomux the Caller (level 2, -3/23 HPs)
             Began as a Demigod Summoner on Aug 11, 2018.
             Slain by a gnoll
             ... wielding a +0 flail
              (11 damage)
             ... on level 1 of the Dungeon.
             The game lasted 00:01:20 (1249 turns).

Gorglomux the Caller (Demigod Summoner)             Turns: 1249, Time: 00:01:21

Health: -3/23      AC:  2    Str: 11    XL:     2   Next: 84%
Magic:  7/7        EV: 12    Int: 19    God:
Gold:   66         SH:  0    Dex: 16    Spells: 2/5 levels left

rFire    . . .     SeeInvis +   v - +0 whip (flame)
rCold    . . .     Gourm    .   (no shield)
rNeg     . . .     Faith    .   a - +0 robe
rPois    .         Spirit   .   (no helmet)
rElec    .         Reflect  .   (no cloak)
rCorr    .         Harm     .   (no gloves)
MR       .....                  (no boots)
Stlth    ++........             (no amulet)
HPRegen  0.07/turn              s - ring of see invisible
MPRegen  0.10/turn              (no ring)

@: no status effects
A: high mp 1
a: no special abilities


You were on level 1 of the Dungeon.
You were not hungry.

You visited 1 branch of the dungeon, and saw 1 of its levels.

You collected 66 gold pieces.

Inventory:

Hand Weapons
 v - a +0 whip of flaming (weapon)
Armour
 a - a +0 robe (worn)
Jewellery
 s - a ring of see invisible (left hand)
Scrolls
 t - a scroll of remove curse {unknown}
 u - a scroll of magic mapping {unknown}
 x - a scroll of teleportation {unknown}
Potions
 e - a potion of haste {unknown}
Comestibles
 c - 4 rations
 w - 5 chunks of flesh


   Skills:
 + Level 1.2 Fighting
 - Level 1.7 Dodging
 - Level 1.7 Stealth
 + Level 2.2 Spellcasting
 + Level 3.9 Summonings


You had 2 spell levels left.
You knew the following spells:

 Your Spells              Type           Power        Failure   Level  Hunger
a - Summon Small Mammal   Summ           ###.         3%          1    #......
b - Call Imp              Summ           ###.....     4%          2    ##.....

Your spell library contained the following spells:

 Spells                   Type           Power        Failure   Level  Hunger
 Summon Ice Beast         Ice/Summ       #.......     58%         4    #####..
 Call Canine Familiar     Summ           ###.....     10%         3    ###....
 Summon Lightning Spire   Summ/Air       #.......     58%         4    #####..
 Summon Guardian Golem    Hex/Summ       #.......     22%         3    ###....


Dungeon Overview and Level Annotations

Branches:
Dungeon (1/15)


Innate Abilities, Weirdness & Mutations

You have an increased reservoir of magic. (+10% MP)


Message History

A gnoll comes into butt!
It is wielding a flail!
Found a puce potion!
No butt in view!!!
No target in view!!!
No target in view!!!
The gnoll is too close now for your liking!
There is a stone staircase leading down here!
Unknown command!
A gnoll is nearby!!!
The gnoll completely misses you!
You barely miss the gnoll! The gnoll hits you with a flail!
Butt punish the gnoll, causing immense pain!
You burn the gnoll!
The gnoll is lightly wounded!
The gnoll hits you with a flail!!!
You punish the gnoll, causing immense pain!
You burn the gnoll!
The gnoll is heavily wounded!
The gnoll hits you with a flail!!! butt

. ##.##.# #.
#.####.##.# # #.####
#.........# # #..!.#
#####...### # #.#..#
##..[..## # #....#
##.......# #
#....####.........##
#.#....>..'.........+.
#...g@.#.##.........##
##....##.###.......###
#...###.# ##.....## #
#... #.# ##...#####
#..# #.# #+####.# #..
#.# #.###... #.. ..#
#.##>... ##.
..######.#.....
..............


You could see a gnoll.

Vanquished Creatures
  3 bats (D:1)
  A giant cockroach (D:1)
  2 kobolds (D:1)
  3 frilled lizards (D:1)
  A goblin (D:1)
  2 rats (D:1)
12 creatures vanquished.

Vanquished Creatures (collateral kills)
  A gnoll (D:1)
  An ooze (D:1)
  A bat (D:1)
  A giant cockroach (D:1)
  A goblin (D:1)
  2 hobgoblins (D:1)
  2 frilled lizards (D:1)
  3 kobolds (D:1)
  4 rats (D:1)
16 creatures vanquished.

Grand Total: 28 creatures vanquished

Notes
Turn   | Place    | Note
-------+----------+-------------------------------------------
     0 | D:1      | Gorglomux the Demigod Summoner began the quest for the Orb.
     0 | D:1      | Reached XP level 1. HP: 14/14 MP: 5/5
   555 | D:1      | Reached XP level 2. HP: 22/22 MP: 1/7
   683 | D:1      | Reached skill level 1 in Fighting
  1016 | D:1      | Learned a level 2 spell: Call Imp
  1249 | D:1      | Slain by a gnoll

Skill      XL: |  1  2 |
---------------+-------+-----
Spellcasting   | 2 |  2.2
Fighting       | 1 |  1.2
Dodging        | |  1.7
Stealth        | |  1.7
Summonings     | |  3.9

Action                   || total
-------------------------++-------
Melee: Unarmed           ||    56
       Whip              ||    19
 Cast: Summon Small Mamm ||    41
       Call Imp          ||     1
 Stab: Sleeping          ||     3
  Eat: Chunk             ||     2
Armor: Robe              ||    30
Dodge: Dodged            ||    65
